 Dungeon Crawl Stone Soup version 0.28-a0-1518-gbe868bca14 (webtiles) character file.

Game seed: 8659696525282284517

160 horus123 the Conjurer (level 5, -3/28 HPs)
             Began as a Deep Elf Conjurer on Jan 16, 2022.
             Slain by Ijyb (9 damage)
             ... on level 3 of the Dungeon.
             The game lasted 00:05:33 (2901 turns).

horus123 the Conjurer (Deep Elf Conjurer)           Turns: 2901, Time: 00:05:34

Health: -3/28      AC:  9    Str:  4    XL:     5   Next: 17%
Magic:  1/13       EV: 12    Int: 25    God:
Gold:   156        SH:  0    Dex: 13    Spells: 5/12 levels left

rFire   . . .      SeeInvis .   d - +2 dagger (protect)
rCold   . . .      Faith    .   (no shield)
rNeg    . . .      Spirit   .   a - +0 robe
rPois   .          Reflect  .   (no helmet)
rElec   .          Harm     .   (no cloak)
rCorr   .          Rampage  .   (no gloves)
Will    .....                   (no boots)
Stlth   ++........              (no amulet)
HPRegen 0.09/turn               (no ring)
MPRegen 0.13/turn               (no ring)

@: under a protective aura
A: no striking features
a: no special abilities


You were on level 3 of the Dungeon.
You visited 1 branch of the dungeon, and saw 3 of its levels.

You collected 156 gold pieces.

Inventory:

Hand Weapons
 d - a +2 dagger of protection (weapon)
Armour
 a - a +0 robe (worn)
Magical Staves
 e - a staff of poison
Scrolls
 f - a scroll of fog
 i - a scroll of teleportation
Potions
 c - 6 potions of heal wounds
 g - a potion of mutation
 h - 2 potions of brilliance


   Skills:
 - Level 2.4 Dodging
 - Level 2.4 Stealth
 - Level 4.0 Spellcasting
 - Level 6.0 Conjurations
 + Level 2.8 Translocations


You had 5 spell levels left.
You knew the following spells:

 Your Spells              Type           Power      Damage    Failure   Level
a - Magic Dart            Conj           100%       1d8       1%          1
b - Searing Ray           Conj           70%        2d7       1%          2
c - Iskenderun's Mystic   Conj/Tloc      27%        2d7       14%         4

Your spell library contained the following spells:

 Spells                   Type           Power      Damage    Failure   Level
 Blink                    Tloc           38%        N/A       4%          2
 Dazzling Flash           Conj/Hex       40%        N/A       8%          3
 Lesser Beckoning         Tloc           19%        N/A       9%          3
 Fulminant Prism          Conj/Hex       10%        3d9       26%         4
 Manifold Assault         Tloc           19%        N/A       61%         5


Dungeon Overview and Level Annotations

Branches:
Dungeon (3/15)

Altars:
Wu Jian

Shops:
D:1 **(*

Annotations:
D:3 Ijyb


Message History

Aim: Ijyb, wielding a +5 club, wearing a +0 chain mail and carrying a wand of polymorph (5) (moderately wounded, 81% to hit)
The searing ray hits Ijyb.
Ijyb is heavily wounded. (Press . to maintain the ray.)
The searing ray hits Ijyb.
Ijyb is severely wounded.
Ijyb hits you with a +5 club.
The searing ray hits Ijyb but does no damage.
Ijyb is severely wounded.
Ijyb hits you with a +5 club.
Your magical contamination has completely faded away.
Unknown command.
You hit Ijyb but do no damage.
Your weapon exudes an aura of protection.
Ijyb is severely wounded.
Ijyb hits you with a +5 club.
You barely miss Ijyb.
Ijyb is severely wounded.
Ijyb screams, "I no like you!"
Ijyb zaps a wand.
You resist with some effort.
You hit Ijyb but do no damage.
Ijyb is severely wounded.
Ijyb closely misses you.
You hit Ijyb but do no damage.
Ijyb is severely wounded.
Ijyb hits you with a +5 club.
You hit Ijyb but do no damage.
Ijyb is severely wounded.
Ijyb hits you with a +5 club.
You closely miss Ijyb.
Ijyb is severely wounded.
Ijyb hits you with a +5 club!
* * * LOW HITPOINT WARNING * * *
You hit Ijyb but do no damage.
Ijyb is severely wounded.
Ijyb hits you but does no damage.
You closely miss Ijyb.
Ijyb is severely wounded.
Ijyb hits you with a +5 club!
You die...

###...# ..#...#
#.#...# #.#...#
#.#...# #@#...#
#g#...#
#w#<..#####
#######.#....†..#
........#..####.#
.###.......#
..w...##.###
..###. #.# . ..
#.#


You could see Ijyb and a worm.

Vanquished Creatures
  Jessica (D:2)
  Natasha (thrice) (D:2)
  An adder (D:2)
  3 worms (D:2)
  5 endoplasms
  4 goblins (D:1)
  5 hobgoblins
  3 jackals (D:1)
  2 kobolds
  3 quokkas
  5 ball pythons
  5 bats (D:1)
  2 frilled lizards
  2 rats (D:1)
44 creatures vanquished.

Notes
Turn   | Place    | Note
-------+----------+-------------------------------------------
     0 | D:1      | horus123 the Deep Elf Conjurer began the quest for the Orb.
     0 | D:1      | Reached XP level 1. HP: 10/10 MP: 6/6
   475 | D:1      | Reached XP level 2. HP: 15/15 MP: 5/9
   567 | D:1      | Found Geduluna's Antique Weapon Boutique.
   734 | D:1      | Found Fump's Assorted Antiques.
   745 | D:1      | Learned a level 2 spell: Searing Ray
   889 | D:1      | You fall into a shaft and drop 1 floor!
  1140 | D:1      | Found Negial's General Store.
  1250 | D:1      | Found a faded altar of an unknown god.
  1452 | D:1      | Found Woutos's Assorted Antiques.
  1512 | D:1      | Reached skill level 5 in Conjurations
  1843 | D:2      | Reached XP level 3. HP: 19/19 MP: 7/10
  1922 | D:2      | Found an ornate altar of the Wu Jian Council.
  1922 | D:2      | Noticed Jessica
  1924 | D:2      | Killed Jessica
  1946 | D:2      | Noticed Natasha
  1952 | D:2      | Killed Natasha
  1953 | D:2      | Reached XP level 4. HP: 19/24 MP: 4/12
  2024 | D:2      | Reached skill level 6 in Conjurations
  2069 | D:2      | Learned a level 4 spell: Iskenderun's Mystic Blast
  2146 | D:2      | Noticed Natasha
  2150 | D:2      | Killed Natasha
  2151 | D:2      | Reached skill level 1 in Translocations
  2195 | D:2      | Noticed Natasha
  2205 | D:2      | Killed Natasha
  2206 | D:2      | Reached XP level 5. HP: 19/28 MP: 4/13
  2880 | D:3      | Noticed Ijyb
  2901 | D:3      | Slain by Ijyb

Illustrated notes

Levels and vault maps discovered:
D:1:      roderic_lyre, layout_loops_corners, serial_shops, shop, shop_coins,
          shop, nicolae_shop_statue_plus, hellmonk_ecumenical_altar_blasted,
          nrook_loot_triangle, minmay_tetromino_l2
D:2:      layout_basic, basic_altar, uniq_jessica, uniq_natasha
D:3:      layout_loops_ring, uniq_ijyb, uniq_grinder

Skill      XL: |  1  2  3  4 |
---------------+-------------+-----
Spellcasting   | 4 |  4.0
Conjurations   | 5 6 |  6.0
Translocations | 2 |  2.8
Dodging        | |  2.4
Stealth        | |  2.4

Action                   |  1- 3 |  4- 6 || total
-------------------------+-------+-------++-------
Melee: Dagger            |       |     8 ||     8
 Cast: Magic Dart        |    60 |    44 ||   104
       Searing Ray       |       |     2 ||     2
  Use: Scroll            |     1 |     4 ||     5
Armor: Robe              |       |     3 ||     3
Dodge: Dodged            |     3 |     4 ||     7

Table legend: (Time is in decaauts)
 A = Elapsed time spent in this place.
 B = Non-inter-level travel time spent in this place.
 C = Inter-level travel time spent in this place.
 D = Time resting spent in this place.
 E = Time spent auto-exploring this place.
 F = Levels seen in this place.
 G = Mean time per level.
                   A        B        C        D        E       F      G
               +--------+--------+--------+--------+--------+-----+--------+
         Total |   2901 |   2718 |    183 |    149 |   2278 |   3 |  967.0 |
       Dungeon |   2901 |   2718 |    183 |    149 |   2278 |   3 |  967.0 |
               +--------+--------+--------+--------+--------+-----+--------+

Top non-repeatable levels by time:
     D:1: 1723 daAuts
     D:2: 1144 daAuts
     D:3: 33 daAuts
